 Dungeon Crawl Stone Soup version 0.18-a0-965-g9200175 (webtiles) character file.

1137 root the Slasher (level 8, -16/70 HPs)
             Began as a Minotaur Fighter on Jan 1, 2016.
             Was a Follower of Makhleb.
             Demolished by a hill giant
             ... wielding a +0 giant club
              (27 damage)
             ... on level 5 of the Dungeon.
             The game lasted 00:17:41 (5150 turns).

root the Slasher (Minotaur Fighter)                 Turns: 5150, Time: 00:17:41

Health: -16/70     AC:  7    Str: 22    XL:     8   Next: 14%
Magic:  8/8        EV: 10    Int:  5    God:    Makhleb [*.....]
Gold:   226        SH: 10    Dex: 11    Spells: 0 memorised, 7 levels left

rFire  . . .     SeeInvis .     a - +0 long sword
rCold  . . .     Gourm    .     l - +0 ring mail (curse)
rNeg   . . .     Faith    .     c - +0 shield
rPois  .         Spirit   .     (helmet restricted)
rElec  .         Dismiss  .     r - +0 cloak
rCorr  .         Reflect  .     (no gloves)
SustAt .         Harm     .     (no boots)
MR     .....                    (no amulet)
Stlth  +.........               (no ring)
                                (no ring)

@: not resistant to hostile enchantments, very unstealthy
A: retaliatory headbutt, horns 2
a: Renounce Religion


You were on level 5 of the Dungeon.
You worshipped Makhleb.
Makhleb was aware of your devotion.
You were not hungry.

You visited 1 branch of the dungeon, and saw 5 of its levels.
You also visited: Sewer.

You collected 226 gold pieces.

Inventory:

Hand Weapons
 a - a +0 long sword (weapon)
Armour
 b - a +0 scale mail
 c - a +0 shield (worn)
 l - a cursed +0 ring mail (worn)
 r - a +0 cloak (worn)
Wands
 e - a wand of lightning (7/15)
Scrolls
 j - a scroll of remove curse {unknown}
 o - a scroll of teleportation
 v - a scroll of noise {unknown}
Potions
 d - a potion of might
 h - 5 potions of curing {unknown}
 i - a potion of haste {unknown}
 q - 4 potions of flight
 s - 3 potions of brilliance
 t - 2 potions of cure mutation {unknown}
 w - 2 potions of heal wounds {unknown}
Comestibles
 f - 2 bread rations
 g - 4 meat rations
 k - 2 beef jerkies
 m - 4 fruits
 p - a slice of pizza
 u - 10 chunks of flesh


   Skills:
 + Level 5.7 Fighting
 * Level 6.2 Long Blades
 + Level 5.8 Armour
 + Level 4.0 Dodging
 + Level 6.2 Shields
 + Level 0.9 Unarmed Combat
 * Level 2.2 Invocations


You had 7 spell levels left.
You didn't know any spells.

Dungeon Overview and Level Annotations

Branches:
Dungeon (5/15)
 Temple: D:4-7

Altars:
Cheibriados
Fedhas
Makhleb

Annotations:
D:3 nublet's ghost, amateur CeAE


Innate Abilities, Weirdness & Mutations

You reflexively headbutt those who attack you in melee.
You have a pair of horns on your head.


Message History

As you read the scroll of identify, it crumbles to dust.
n - 2 potions of degeneration Drop what? 23/52 slots (_ for help) (? for menu, Esc to quit)
You drop 2 potions of degeneration.
As you open the door, it creaks loudly!
You slash the hill giant! You headbutt the hill giant!
The hill giant is moderately wounded.
The hill giant closely misses you.
You hit the hill giant.
The hill giant is moderately wounded.
The hill giant hits you with a giant club!!!
Ouch! That really hurt!
You barely miss the hill giant.
The hill giant is moderately wounded.
The hill giant hits you with a giant club!!
* * * LOW HITPOINT WARNING * * *
You slash the hill giant!
The hill giant is heavily wounded.
The hill giant hits you with a giant club!!
You die...

.#.#...####............#...##'#..
.......................#.........
..........##...........#.........
.#.#..)##..#...........#.........
...........+.....................
........##.#....................#
##......+.......................#
#.......##.....#C####.C.........#
............#...@######.#######.#
................<..# #...# #.#
...........#.....#.#####+'#####..
...................#####..#####..
...####........#.#######..######(
#+##...........#.#######..#######
...............#########..######
#####..........# #######C.######
≈≈≈≈#.###......# #######..######


You could see a hill giant.

Vanquished Creatures
  Grinder (D:4)
  An ice beast (D:5)
  An ogre (D:4)
  A phantom (D:4)
  A centaur (D:4)
  A big kobold (Sewer)
  2 scorpions (D:4)
  3 hounds (D:4)
  An orc wizard (D:5)
  An orc priest (D:5)
  Crazy Yiuf (D:4)
  An iguana (D:5)
  2 worker ants
  4 adders
  2 river rats (Sewer)
  A shadow imp (D:5)
  2 oozes
  4 worms
  4 giant geckos
  11 orcs
  2 ball pythons (D:1)
  10 giant cockroaches
  8 goblins
  6 hobgoblins
  A jackal (Sewer)
  A quokka (D:3)
  9 bats
  2 giant newts (D:2)
  A jackal zombie (D:5)
  13 kobolds
  9 rats
  A fungus (D:4)
108 creatures vanquished.

Notes
Turn   | Place    | Note
--------------------------------------------------------------
     0 | D:1      | root the Minotaur Fighter began the quest for the Orb.
     0 | D:1      | Reached XP level 1. HP: 19/19 MP: 0/0
   205 | D:1      | Reached XP level 2. HP: 25/27 MP: 1/1
   442 | D:1      | Reached skill level 4 in Shields
   591 | D:1      | Reached XP level 3. HP: 31/33 MP: 2/2
  1002 | D:2      | Found a snail-covered altar of Cheibriados.
  1152 | D:2      | Reached skill level 1 in Dodging
  1593 | D:3      | Noticed nublet's ghost (amateur CeAE)
  1898 | D:2      | Reached XP level 4. HP: 40/40 MP: 3/3
  2373 | D:4      | Reached XP level 5. HP: 16/46 MP: 4/4
  2648 | D:4      | Noticed a phantom
  2661 | D:4      | Killed a phantom
  2661 | D:4      | Reached skill level 5 in Armour
  2661 | D:4      | Reached skill level 5 in Shields
  2661 | D:4      | Reached XP level 6. HP: 33/53 MP: 5/5
  2891 | D:4      | Found a blossoming altar of Fedhas.
  3084 | D:4      | Noticed Grinder
  3085 | D:4      | Paralysed by Grinder for 2 turns
  3191 | D:4      | Paralysed by Grinder for 5 turns
  3357 | D:4      | Paralysed by Grinder for 6 turns
  3371 | D:4      | Killed Grinder
  3371 | D:4      | Reached skill level 5 in Fighting
  3371 | D:4      | Reached skill level 5 in Long Blades
  3371 | D:4      | Reached XP level 7. HP: 17/61 MP: 6/6
  3738 | D:4      | Noticed Crazy Yiuf
  3745 | D:4      | Killed Crazy Yiuf
  3992 | D:4      | Found a burning altar of Makhleb.
  3998 | D:4      | Became a worshipper of Makhleb the Destroyer
  4355 | D:5      | Entered Level 5 of the Dungeon
  4365 | D:5      | Reached skill level 1 in Invocations
  4382 | D:5      | Found a glowing drain.
  4402 | D:5      | Reached skill level 6 in Shields
  4539 | Sewer    | Entered a sewer
  4714 | Sewer    | Reached XP level 8. HP: 57/70 MP: 8/8
  4718 | Sewer    | Reached * piety under Makhleb
  4749 | Sewer    | Found a white marble altar of Elyvilon.
  5127 | D:5      | Noticed a hill giant
  5150 | D:5      | Demolished by a hill giant

Vault maps used:
D:1:      dpeg_arrival_rooms_a
D:2:      first_bread, hex_intersection, cheibriados_altar_1
D:3:      st_stairs_9
D:4:      fedhas_bush_and_centaur_altar, makhleb_blood_cavern_becter,
          uniq_grinder, uniq_crazy_yiuf_cottage
D:5:      kennysheep_big_flooded_room, lemuel_doored_altar, temple_hall,
          gup_sewer_entry_glass
Sewer:    sewer_kobolds

Action                   |  1- 3 |  4- 6 |  7- 9 || total
-------------------------+-------+-------+-------++-------
Melee: Long sword        |   108 |   109 |   131 ||   348
       Unarmed           |       |     5 |       ||     5
  Use: Scroll            |       |       |     7 ||     7
       Potion            |       |       |     1 ||     1
  Eat: Chunk             |     3 |     5 |     6 ||    14
